 Dungeon Crawl Stone Soup version 0.31-a0-978-g1e143483b6 (webtiles) character file.

Game seed: 10816115812772473346

1669500 Forgeling the Slayer (level 26, 233/233 HPs)
             Began as a Demonspawn Gladiator on Oct 30, 2023.
             Was the Champion of Trog.
             Escaped with the Orb
             ... and 3 runes!
             The game lasted 02:52:48 (70039 turns).

Forgeling the Slayer (Demonspawn Gladiator)        Turns: 70039, Time: 02:52:49

Health: 233/233    AC: 41    Str: 23      XL:     26   Next: 63%
Magic:  23/23      EV: 15    Int:  8 (11) God:    Trog [******]
Gold:   7053       SH: 24    Dex: 26      Spells: 25/25 levels left

rFire   + + .        a - +9 broad axe (vamp)
rCold   + + .        q - +3 warlock's mirror {omnireflect}
rNeg    + . .        P - +5 gold dragon scales
rPois   +            (helmet unavailable)
rElec   +            L - scarf {rC+ rF+}
rCorr   .            j - +1 pair of gloves {Dex+3}
SInv    +            W - +1 pair of boots "Fats" {rPois Slay+2 SInv}
Will    ++...        Z - amulet of Vitality {RegenMP++ Regen++} Stlth
                     o - ring of Xethrik {rElec rPois}
HPRegen 2.18/turn    t - ring of Dishonour {rN+ Will+ Dex+6}
MPRegen 1.16/turn

%: reflection, guardian spirit
@: hasted, very quick
A: horns 3, large bone plates 3, icemail 2, augmentation 3, magic shield, magic
regeneration, magic link, condensation shield
0: Orb of Zot
}: 3/15 runes: decaying, silver, gossamer
a: Renounce Religion, Berserk, Trog's Hand, Brothers in Arms


You escaped.
You worshipped Trog.
Trog was exalted by your worship.
You visited 10 branches of the dungeon, and saw 50 of its levels.
You also visited: Trove, Sewer, Gauntlet, Ice Cave, Wizlab and Desolation.

You collected 7927 gold pieces.
You spent 874 gold pieces at shops.

Inventory:

Hand Weapons
 a - a +9 vampiric broad axe (weapon)
 b - a +9 antimagic broad axe
Missiles
 g - 42 boomerangs
 k - 13 curare-tipped darts
 p - 5 silver javelins
 u - 6 throwing nets (quivered)
 w - 7 javelins
Armour
 j - a +1 pair of gloves of dexterity (worn)
 q - the +3 warlock's mirror (worn) {omnireflect}
   (You found it on level 1 of the Depths)

   Omnireflect: It can block and reflect piercing ranged attacks and magical
   attacks against the wielder's willpower.
 L - a scarf of resistance (worn)
 P - +5 gold dragon scales (worn)
 W - the +1 pair of boots "Fats" (worn) {rPois Slay+2 SInv}
   (You found it on level 3 of the Depths)

   Slay+2:    It affects your accuracy & damage with ranged weapons and melee
   (+2).
   rPois:     It protects you from poison SInv: It lets you see invisible.
Jewellery
 c - a ring of resist corrosion
 f - the ring "Umi Tonk" {Ice rElec Str-2 Int+4 Slay+5}
   (You found it on level 1 of the Crypt)

   [ring of ice]

   Ice:       It enhances your ice magic.
   Str-2:     It affects your strength (-2).
   Int+4:     It affects your intelligence (+4).
   Slay+5:    It affects your accuracy & damage with ranged weapons and melee
   (+5).
   rF-:       It makes you vulnerable to fire.
   rC+:       It protects you from cold.
   rElec:     It insulates you from electricity.
 n - a +4 ring of slaying
 o - the ring of Xethrik (left hand) {rElec rPois}
   (You took it off a deep elf demonologist on level 3 of the Elven Halls)

   [ring of poison resistance]

   rElec:     It insulates you from electricity.
   rPois:     It protects you from poison
 t - the ring of Dishonour (right hand) {rN+ Will+ Dex+6}
   (You found it on level 3 of the Crypt)

   [ring of positive energy]

   Dex+6:     It affects your dexterity (+6).
   rN+:       It protects you from negative energy.
   Will+:     It increases your willpower.
 T - the ring "Seun" {rF+ rC+ Int+5 Dex-5}
   (You took it off a deep elf zephyrmancer on level 3 of the Elven Halls)

   [ring of protection from cold]

   Int+5:     It affects your intelligence (+5).
   Dex-5:     It affects your dexterity (-5).
   rF+:       It protects you from fire.
   rC+:       It protects you from cold.
 Z - the amulet of Vitality (around neck) {RegenMP++ Regen++}
   (You found it on level 3 of the Depths)

   [amulet of magic regeneration]

   RegenMP:   It increases your rate of magic regeneration.
   Regen++:   It increases your rate of health regeneration.
Wands
 d - a wand of digging (8)
 e - a wand of paralysis (73)
 h - a wand of light (15)
 i - a wand of roots (81)
Scrolls
 l - 6 scrolls of brand weapon
 D - 2 scrolls of blinking
 E - 6 scrolls of fear
 F - 4 scrolls of fog
 K - 10 scrolls of immolation
 O - a scroll of silence
 S - a scroll of summoning
 V - 10 scrolls of vulnerability
 X - 8 scrolls of revelation {@r4}
 Y - 26 scrolls of teleportation {@r3}
Potions
 y - 8 potions of enlightenment
 A - 12 potions of attraction
 C - 4 potions of cancellation
 G - 4 potions of ambrosia
 H - a potion of haste
 I - 3 potions of invisibility
 J - 25 potions of curing {@q1}
 M - 12 potions of might
 N - 3 potions of heal wounds {@q2}
 Q - 5 potions of magic
 R - 8 potions of resistance
 U - 14 potions of mutation
Miscellaneous
 m - a phantom mirror
 r - a phial of floods
 s - a tin of tremorstones (2/2)
 v - a lightning rod (4/4)
 z - a box of beasts


   Skills:
 + Level 24.5 Fighting
 - Level 24.0 Axes
 - Level 17.3 Throwing
 - Level 19.3 Armour
 - Level 15.9 Dodging
 - Level 7.0 Stealth
 - Level 12.0 Shields
 - Level 20.3 Evocations


You had 25 spell levels left.
You didn't know any spells.
Your spell library contained the following spells:

 Spells                   Type           Power      Damage    Failure   Level
 Dazzling Flash           Conj/Hex       0%         N/A       100%        3
 Agony                    Necr           0%         N/A       100%        5
 Silence                  Hex/Air        0%         N/A       100%        5


Dungeon Overview and Level Annotations

Branches:
Dungeon (15/15)            Temple (0/1) D:5            Lair (5/5) D:8
  Swamp (4/4) Lair:2       Spider (4/4) Lair:3        Slime (0/5) Lair:4
    Orc (2/2) D:9             Elf (3/3) Orc:2        Vaults (5/5) D:13
  Crypt (3/3) Vaults:3       Tomb (0/3) Crypt:3      Depths (4/4) D:15
    Zot (5/5) Depths:4      Sewer (visited)           IceCv (visited)
 WizLab (visited)         Desolation (visited)      Gauntlet (visited)

Altars:
Cheibriados
Fedhas
Hepliaklqana
Kikubaaqudgha
Makhleb
Ru
Sif Muna
Trog
Uskayaw
Vehumet
Yredelemnul

Shops:
D:9 [   D:11 [   D:15 :   Orc:1 =?   Orc:2 [:*   Elf:3 [   Vaults:3 ?
Depths:2 (

Portals:
Hell: Depths:1 Depths:2 Depths:3 Depths:4
Abyss: Depths:3
Pandemonium: Depths:2 Depths:3 Depths:4
Ziggurat: Depths:3

Annotations:
Zot:2 2 transporters


Innate Abilities, Weirdness & Mutations

You have a pair of large horns on your head.
You are completely covered in large bone plates. (SH +8)
A meltable icy envelope protects you from harm. (AC +8)
Your magical and physical power is greatly enhanced at high health.
When hurt, damage is shared between your health and your magic reserves.
You regenerate magic rapidly.
When low on magic, you restore magic in place of health.
A meltable shield of frost defends you. (SH +4)


Message History

A chaos spawn comes into view.
The chaos spawn moves out of view.
There is a stone staircase leading up here.
You climb upwards.
There is a stone staircase leading down here.
What level of the Dungeon? (default 1, ? - help)
A lorocyproca comes into view.
The lorocyproca gives a chilling moan.
You barely miss the lorocyproca.
The lorocyproca is moderately wounded.
You slice the lorocyproca!!
The lorocyproca is severely wounded.
You slice the lorocyproca!!
The lorocyproca is almost dead.
Your icy envelope is restored.
You carve the lorocyproca like a ham!!!
You kill the lorocyproca!
No target in view!
No target in view!
There is a stone staircase leading up here.
You climb upwards.
There is a stone staircase leading down here.
You climb downwards.
There is a stone staircase leading up here.
There is a stone staircase leading up here.
You climb upwards.
There is a stone staircase leading down here.
A Zeygemel, 2 orange demons and a sixfirhy come into view.
The orange demon screeches! x2
You feel yourself speed up.
Zeygemel bursts into living lightning!
The living lightning hits you. You resist.
Zeygemel blinks! x2
The orange demon stings you from afar.
Zeygemel bursts into living lightning!
The living lightning hits you! You resist.
Zeygemel blinks! x2
Zeygemel bursts into living lightning!
Your +3 warlock's mirror {omnireflect} blocks the living lightning... and reflects it back!
Zeygemel blinks!
There is a staircase leading out of the dungeon here.
You have escaped!

##.....#.#####'#### ###.#.#...#
.#.###.#.#####.#######...#>....#
.#.# #.#............#..#####...#
...###.#...⌠.......3..## #...##
....)..#.....###.###### #.....
...#...#.##..###3## #.....
...#.#.#.##..##...# #.....
####.#(#.##..##...# #.....
...#.#.#.##..##.@.# ###...
.....#.#.##..##...# #...
#....#.#.##..##...# ####
.....#.#.##..######
#..#.#.#.##..# .....#.#.....#
#.##.#.#.##### #....#.#.#
######.#.#


You could see a sixfirhy.

Vanquished Creatures
  5 dread liches
  5 ancient liches
  An orb of fire (Zot:5)
  Margery (Vaults:3)
  5 Killer Klowns
  3 curse toes
  3 caustic shrikes (Depths:4)
  The ghost of Otufioz the Victor of a Thousand Battles, a veteran GnWn of Okawaru (Depths:2)
  12 golden dragons
  Jory (Crypt:1)
  Norris (Vaults:4)
  2 Tzitzimimeh (Depths:3)
  2 doom hounds (Depths:2)
  Arachne (Spider:2)
  3 electric golems
  17 tentacled monstrosities
  A hellephant (D:3)
  The ghost of Zonian the Eclecticist, an adept DEIE of Jiyva (Vaults:2)
  22 Orb Guardians (Zot:5)
  6 quicksilver dragons
  4 liches
  Grunn (Depths:3)
  5 deep elf master archers
  5 sphinxes
  4 titans
  2 deep elf blademasters (Elf:3)
  11 ancient champions
  9 death cobs
  Agnes (Spider:3)
  The ghost of Sugyll the Devastator, an adept TeAE of Hepliaklqana (Elf:2)
  4 fenstrider witches
  2 thorn hunters (WizLab)
  17 storm dragons
  Donald (Swamp:1)
  A daeva (Depths:2)
  9 shadow dragons
  3 tengu reavers
  4 revenants
  8 draconian monks
  5 fire giants
  5 draconian knights
  An azure jelly (shapeshifter) (Vaults:5)
  4 deep elf sorcerers
  2 emperor scorpions (Spider:4)
  An iron dragon (Depths:3)
  11 frost giants
  A curse skull (Crypt:3)
  4 draconian scorchers
  7 ghouls
  11 ghost moths
  4 deep elf elementalists (Elf:3)
  4 orc warlords
  2 imperial myrmidons (Desolation)
  A draconian shifter (Zot:3)
  13 vault wardens
  4 broodmothers
  An angel (Depths:2)
  6 draconian stormcallers
  A war gargoyle (Vaults:4)
  6 reapers
  2 draconian annihilators
  5 caustic shrike skeletons (Crypt:3)
  13 ironbound preservers
  2 spriggan defenders (Depths:3)
  4 formless jellyfish
  15 stone giants
  15 very ugly things
  10 ironbound thunderhulks
  9 deep elf demonologists
  6 vampire knights
  6 eleionomae
  10 green draconians
  10 black draconians
  12 yellow draconians
  The ghost of RandomusNamus the Grappler, a journeyman TrMo of Trog (D:12)
  A putrid mouth (Depths:2)
  2 spark wasps
  16 white draconians
  11 red draconians
  A lorocyproca (D:2)
  A minotaur (Gauntlet)
  3 halazid warlocks (Desolation)
  10 deep elf annihilators
  13 purple draconians
  4 eidola
  7 bunyips
  Azrael (D:12)
  11 deep elf death magi
  2 blizzard demons (Depths:2)
  Snorg (Lair:5)
  14 ettins
  3 crystal guardians
  4 entropy weavers
  7 jiangshi
  An elf zombie (Crypt:1)
  6 shambling mangroves
  5 deep elf high priests
  10 ice dragons
  6 fire dragons
  Josephine (D:14)
  Fannar (Lair:1)
  7 rakshasas
  20 hydras
  8 great orbs of eyes
  14 servants of whispers (Desolation)
  37 vault guards
  4 ragged hierophants (Desolation)
  14 yaktaur captains
  9 peacekeepers
  A fenstrider witch zombie (Crypt:2)
  13 ironbound frosthearts
  3 catoblepae
  2 ogre magi
  2 radroaches
  A ghost crab (Swamp:4)
  A hell beast (Depths:4)
  3 spriggan skeletons
  3 spriggan air magi
  3 jorogumos
  8 centaur warriors
  2 alligators
  3 death knights
  A bennu zombie (Crypt:3)
  3 two-headed ogres
  A satyr (shapeshifter) (Vaults:4)
  2 deep troll earth magi
  6 boulder beetles
  A death yak (shapeshifter) (Vaults:5)
  2 satyrs (WizLab)
  5 deep troll shamans
  4 vampire magi
  9 demonic crawlers
  35 dancing weapons
  8 spriggan berserkers
  An emperor scorpion zombie (Crypt:1)
  4 orc high priests
  20 hell knights
  7 death yaks
  2 naga sharpshooters (WizLab)
  19 deep elf knights
  2 occultists
  2 soul eaters (Crypt:3)
  5 skysharks
  3 titan skeletons (Crypt:3)
  5 iron trolls
  21 skeletal warriors
  A sun moth (Spider:1)
  3 pharaoh ants
  A storm dragon skeleton (Crypt:3)
  4 glowing orange brains
  2 sixfirhies (Gauntlet)
  2 shadow demons
  3 goliath frogs
  8 orb spiders
  A sea snake (shapeshifter) (Vaults:5)
  4 cherubim
  2 spriggan druids
  8 swamp dragons
  40 deep trolls
  13 deep elf archers
  10 lindwurms
  7 flayed ghosts
  17 deep elf zephyrmancers
  5 bog bodies
  6 steelbarb worms
  A bunyip skeleton (Crypt:3)
  An obsidian statue (Zot:5)
  2 anaconda skeletons (Crypt:3)
  13 orc knights
  4 harpies (Vaults:4)
  11 phantasmal warriors
  5 arcanists
  16 wolf spiders
  18 ironbound convokers
  6 necromancers
  An orange crystal statue (Depths:3)
  2 large abominations (Gauntlet)
  30 deep elf pyromancers
  A harpy (shapeshifter) (D:15)
  7 orc sorcerers
  6 cyclopes
  30 ugly things
  A shadow dragon skeleton (Crypt:1)
  6 will-o-the-wisps
  A goliath frog skeleton (Crypt:1)
  2 manticores
  2 oklob plants
  4 fauns (WizLab)
  30 moths of wrath
  9 elephants
  A centaur zombie (Crypt:1)
  2 guardian serpents (Desolation)
  23 vault sentinels
  2 centaur skeletons (Crypt:3)
  An eye of devastation (shapeshifter) (Vaults:3)
  An eye of devastation (Lair:4)
  A molten gargoyle (Desolation)
  3 black mambas
  16 cane toads
  4 gargoyles
  An ice statue (IceCv)
  A smoke demon (Depths:3)
  2 torpor snails (Spider:3)
  An alligator snapping turtle skeleton (Crypt:3)
  2 unseen horrors
  11 komodo dragons
  5 kobold demonologists
  2 rime drakes
  A white draconian skeleton (Crypt:2)
  3 catoblepas skeletons
  A swamp worm zombie (Crypt:1)
  A tormentor (Depths:3)
  6 tengu conjurers
  3 anaconda simulacra (IceCv)
  30 yaktaurs
  7 freezing wraiths
  3 ice devils
  A hellwing (Depths:3)
  2 red devils (Depths:3)
  A green draconian skeleton (Crypt:2)
  A queen bee (D:12)
  10 meliai
  4 trolls
  5 tyrant leeches
  8 blink frogs
  18 tarantellas
  A hydra skeleton (Crypt:3)
  10 polar bears
  An iron dragon simulacrum (Crypt:2)
  2 harpy skeletons (Crypt:3)
  22 hornets
  A tarantella (shapeshifter) (Elf:1)
  2 glass eyes
  60 saltlings (Desolation)
  5 dream sheep (Lair:4)
  2 dream sheep (shapeshifter)
  2 black mamba zombies (Crypt:2)
  29 jumping spiders
  22 slime creatures
  Sigmund (D:3)
  An ettin skeleton (Crypt:3)
  6 flying skulls (Crypt:1)
  A guardian serpent skeleton (Crypt:3)
  A black mamba skeleton (Crypt:3)
  9 culicivoras
  2 shadows
  A yak (shapeshifter) (Elf:2)
  12 spriggans
  5 air elementals
  10 wraiths
  5 water elementals
  2 ynoxinuls
  6 fire elementals
  32 yaks
  A chaos spawn (Depths:3)
  7 wyverns
  36 redbacks
  9 basilisks
  A steam dragon (D:8)
  13 vampire mosquitoes
  A tyrant leech zombie (Crypt:1)
  2 death yak simulacra (Lair:2)
  5 wargs
  A neqoxec (Depths:3)
  17 swamp worms
  A harpy simulacrum (IceCv)
  A two-headed ogre zombie (Crypt:1)
  2 hydra simulacra (IceCv)
  A water moccasin (shapeshifter) (Vaults:5)
  2 acid dragons
  11 water moccasins
  4 hell hounds
  10 swamp drakes
  3 black bears
  A glowing shapeshifter skeleton (Crypt:3)
  41 orc warriors
  An ice beast (D:7)
  The ghost of zenocrate the Sneak, an amateur VSEn (D:3)
  4 boggarts (D:14)
  A sky beast (D:4)
  An ogre (shapeshifter) (Elf:2)
  A dream sheep zombie (Crypt:2)
  A lindwurm zombie (Crypt:2)
  19 wolves
  5 ogres
  A swamp dragon skeleton (Crypt:2)
  12 centaurs
  4 small abominations (Gauntlet)
  2 phantoms
  13 kobold brigands
  7 bullfrogs
  A komodo dragon zombie (Crypt:2)
  2 necrophages (Crypt:2)
  2 earth elementals
  2 scorpions
  4 cane toad simulacra (IceCv)
  2 gnoll sergeants
  A yaktaur skeleton (Crypt:1)
  7 two-headed ogre simulacra
  23 wights
  A warg zombie (Crypt:1)
  3 elephant simulacra
  A yak zombie (Crypt:1)
  13 killer bees
  2 howler monkeys (D:8)
  5 electric eels
  2 gnoll boudas
  4 jellies
  5 hounds
  20 orc priests
  6 iguanas
  34 orc wizards
  A sleepcap (D:5)
  A scorpion zombie (Crypt:1)
  A hell rat (Sewer)
  5 troll simulacra
  4 spriggan simulacra (IceCv)
  A wolf simulacrum (IceCv)
  A tengu zombie (Crypt:3)
  2 deep dwarf skeletons
  22 gnolls
  A howler monkey skeleton (Crypt:2)
  17 adders
  7 naga simulacra (IceCv)
  7 river rats
  20 white imps
  7 ufetubi
  An iguana skeleton (Crypt:3)
  2 worms
  A dart slug (D:5)
  84 orcs
  6 bats
  9 endoplasms
  A giant cockroach (D:3)
  6 goblins
  10 hobgoblins
  13 jackals
  3 quokkas
  3 ball pythons
  A ball python zombie (Crypt:3)
  3 frilled lizards
  36 kobolds
  A kobold skeleton (Crypt:3)
  11 rats
  A river rat zombie (Crypt:1)
2322 creatures vanquished.

Vanquished Creatures (collateral kills)
  the Lernaean hydra (Swamp:4)
  3 caustic shrikes
  A quicksilver dragon (Depths:4)
  The ghost of Sugyll the Devastator, an adept TeAE of Hepliaklqana (Elf:1)
  The ghost of croobank the Fighter, an adept DsIE of Ashenzari (Spider:3)
  A broodmother (Spider:4)
  A stone giant (Depths:3)
  A putrid mouth (Depths:3)
  A bunyip (Swamp:2)
  A spark wasp (Spider:4)
  A deep elf death mage (Elf:3)
  A hydra (Swamp:4)
  An entropy weaver (Spider:2)
  An alligator (Swamp:2)
  3 demonic crawlers
  A spriggan (Swamp:2)
  2 orb spiders (Spider:4)
  A phantasmal warrior (Depths:3)
  2 swamp dragons
  A steelbarb worm (Spider:4)
  4 wolf spiders
  A tormentor (Depths:3)
  2 hornets (Swamp:2)
  A tarantella (Spider:4)
  2 jumping spiders (Spider:4)
  2 culicivoras (Spider:3)
  2 redbacks
  A hell hound (D:12)
  A swamp drake (Swamp:4)
42 creatures vanquished.

Vanquished Creatures (others)
  A golden dragon (Zot:4)
  A death cob (Zot:4)
  A white draconian (Zot:3)
  A yellow draconian (Depths:4)
  A peacekeeper (Desolation)
  A deep elf knight (D:13)
  4 deep elf pyromancers
  A deep elf zephyrmancer (Elf:1)
  2 bloated husks (Swamp:2)
  A swamp worm (Swamp:2)
  A human (D:4)
  An orc wizard (Orc:1)
  38 foxfires
54 creatures vanquished.

Grand Total: 2418 creatures vanquished

Notes
Turn   | Place    | Note
-------+----------+-------------------------------------------
     0 | D:1      | Forgeling the Demonspawn Gladiator began the quest for the
                  | Orb.
     0 | D:1      | Reached XP level 1. HP: 16/16 MP: 1/1
   318 | D:1      | Gained mutation: You have a pair of small horns on your
                  | head. [demonic ancestry]
   318 | D:1      | Reached XP level 2. HP: 22/22 MP: 2/2
   808 | D:2      | Gained mutation: You have a pair of horns on your head.
                  | [demonic ancestry]
   808 | D:2      | Reached XP level 3. HP: 27/27 MP: 3/3
   839 | D:2      | Identified the ring "Ugriddu" {Ice Dex+2}
  1235 | D:2      | Gained mutation: A meltable shield of frost defends you.
                  | (SH +4) [demonic ancestry]
  1235 | D:2      | Reached XP level 4. HP: 28/33 MP: 4/4
  1367 | D:3      | Noticed Sigmund
  1499 | D:3      | Noticed zenocrate's ghost (amateur VSEn)
  1553 | D:3      | Found a runed translucent door.
  1631 | D:3      | Reached skill level 5 in Axes
  2031 | D:3      | Reached XP level 5. HP: 18/38 MP: 5/5
  2279 | D:4      | Found a hide-covered altar of Uskayaw.
  2282 | D:4      | Noticed a +0 dagger
  2284 | D:4      | Noticed a +0 dagger
  2292 | D:4      | Noticed an ogre
  2421 | D:4      | Found an ancient bone altar of Kikubaaqudgha.
  2422 | D:4      | Noticed a human
  2424 | D:4      | Killed a human
  2639 | D:4      | Found a hazy altar of Hepliaklqana.
  2681 | D:4      | Reached XP level 6. HP: 40/46 MP: 6/6
  2732 | D:4      | Noticed a sky beast
  2742 | D:4      | Killed a sky beast
  2960 | D:4      | Found a bloodstained altar of Trog.
  2963 | D:4      | Became a worshipper of Trog the Wrathful
  3108 | D:4      | Gained mutation: You have a pair of large horns on your
                  | head. [demonic ancestry]
  3108 | D:4      | Reached XP level 7. HP: 52/53 MP: 7/7
  3149 | D:4      | HP: 1/53 [something (4)]
  3989 | D:5      | Entered Level 5 of the Dungeon
  4187 | D:5      | Found a snail-covered altar of Cheibriados.
  4324 | D:5      | Found a staircase to the Ecumenical Temple.
  4749 | D:5      | Reached * piety under Trog
  4750 | D:5      | Reached XP level 8. HP: 52/61 MP: 8/8
  4863 | D:5      | Reached skill level 5 in Fighting
  4864 | D:5      | Reached skill level 1 in Armour
  5688 | D:6      | Found a glowing drain.
  5714 | Sewer    | Entered a sewer
  6102 | D:7      | Reached ** piety under Trog
  6110 | D:6      | Gained mutation: You are partially covered in large bone
                  | plates. (SH +4) [demonic ancestry]
  6110 | D:6      | Reached XP level 9. HP: 61/71 MP: 9/9
  6703 | D:7      | Found a sacrificial altar of Ru.
  7204 | D:8      | Reached skill level 10 in Axes
  7643 | D:8      | Noticed a komodo dragon
  7659 | D:8      | Killed a komodo dragon
  7663 | D:8      | Reached *** piety under Trog
  7736 | D:8      | Found a staircase to the Lair.
  7750 | D:8      | Gained mutation: You are mostly covered in large bone
                  | plates. (SH +6) [demonic ancestry]
  7750 | D:8      | Reached XP level 10. HP: 79/79 MP: 10/10
  7938 | D:8      | Found a transporter.
  7941 | D:8      | Found a transporter.
  8067 | D:8      | Found a transporter.
  8069 | D:8      | Found a transporter.
  8535 | D:8      | Found a transporter.
  8536 | D:8      | Found a transporter.
  8734 | D:3      | Killed Sigmund
  9076 | D:9      | Found Dato's Antique Armour Boutique.
  9300 | D:9      | Noticed a two-headed ogre
  9308 | D:9      | Killed a two-headed ogre
  9406 | D:9      | Reached **** piety under Trog
  9483 | D:9      | Found a staircase to the Orcish Mines.
 10004 | D:9      | Bought a runed chain mail for 225 gold pieces
 10072 | D:10     | Entered Level 10 of the Dungeon
 10276 | D:10     | Found a basalt altar of Yredelemnul.
 10605 | D:10     | Found a shimmering blue altar of Sif Muna.
 10844 | D:10     | Gained mutation: You are completely covered in large bone
                  | plates. (SH +8) [demonic ancestry]
 10844 | D:10     | Reached XP level 11. HP: 85/87 MP: 11/11
 11101 | D:11     | Noticed a boulder beetle
 11111 | D:11     | Killed a boulder beetle
 11127 | D:11     | Found Qevven's Armour Boutique.
 11471 | D:11     | Noticed a cyan ugly thing
 11482 | D:11     | Killed a cyan ugly thing
 11553 | D:11     | Noticed a two-headed ogre
 11636 | D:11     | Noticed a sun demon
 11667 | D:11     | Noticed a sun demon
 11821 | D:11     | Noticed a green ugly thing
 11831 | D:11     | Killed a green ugly thing
 12059 | D:11     | Found a blossoming altar of Fedhas.
 12068 | D:11     | Killed a two-headed ogre
 12098 | D:11     | Noticed an oklob plant
 12121 | D:11     | Killed an oklob plant
 12450 | D:3      | Killed zenocrate's ghost
 12659 | Lair:1   | Entered Level 1 of the Lair of Beasts
 12735 | Lair:1   | You fall into a shaft and drop 1 floor!
 12740 | Lair:2   | Noticed a boulder beetle
 12751 | Lair:2   | Killed a boulder beetle
 13056 | Lair:1   | Reached skill level 10 in Fighting
 13088 | Lair:1   | Reached skill level 5 in Armour
 13179 | Lair:1   | Gained mutation: A meltable icy envelope protects you from
                  | harm. (AC +8) [demonic ancestry]
 13179 | Lair:1   | Reached XP level 12. HP: 97/97 MP: 12/12
 13217 | Lair:1   | Reached ***** piety under Trog
 13332 | Lair:1   | Reached skill level 15 in Axes
 13422 | Lair:1   | Noticed a boulder beetle
 13466 | Lair:1   | Killed a boulder beetle
 13622 | Lair:1   | Noticed Fannar
 13637 | Lair:1   | Killed Fannar
 14569 | Lair:2   | Found a staircase to the Swamp.
 14584 | Lair:2   | Noticed an ice dragon
 14833 | Lair:2   | Noticed a four-headed hydra
 14856 | Lair:2   | Killed a seven-headed hydra
 15044 | Lair:2   | Killed an ice dragon
 15185 | Lair:2   | Noticed a death yak
 15235 | Lair:2   | Received a gift from Trog
 15236 | Lair:2   | Reached XP level 13. HP: 105/105 MP: 13/13
 15461 | IceCv    | Identified the "Xiwuf"
 15624 | Lair:3   | Found a frozen archway.
 15881 | IceCv    | Entered an ice cave
 16035 | IceCv    | Identified the +0 hat of the Harvest {Fly rF++}
 16700 | IceCv    | Noticed a reaper
 16725 | IceCv    | Killed a reaper
 17585 | Lair:3   | Found a hole to the Spider Nest.
 18474 | Lair:4   | Found a staircase to the Slime Pits.
 19164 | Lair:5   | Identified the "Caocket"
 19164 | Lair:5   | Entered Level 5 of the Lair of Beasts
 19288 | Lair:5   | Noticed Snorg
 19534 | Lair:4   | Received a gift from Trog
 19535 | Lair:4   | Reached skill level 10 in Armour
 19756 | Lair:5   | Reached skill level 1 in Stealth
 19756 | Lair:5   | Reached XP level 14. HP: 117/118 MP: 14/14
 20000 | Lair:5   | Killed Snorg
 20974 | D:12     | Found a portal to a secret trove of treasure.
 21047 | D:12     | Reached skill level 5 in Stealth
 21241 | D:12     | Noticed Azrael
 21255 | D:12     | Killed Azrael
 21533 | D:12     | Noticed RandomusNamus's ghost (journeyman TrMo)
 21543 | D:12     | Found a transporter.
 21548 | D:12     | Found a transporter.
 21904 | Orc:1    | Entered Level 1 of the Orcish Mines
 21956 | Orc:1    | Found a burning altar of Makhleb.
 22030 | Gauntlet | Identified the "Qunuhin"
 22030 | Orc:2    | Entered Level 2 of the Orcish Mines
 22068 | Orc:2    | Found a gate leading to a gauntlet.
 22098 | Orc:2    | Found a staircase to the Elven Halls.
 22263 | Gauntlet | Entered a Gauntlet
 22263 | Gauntlet | Found a transporter.
 22277 | Gauntlet | Found a transporter.
 22287 | Gauntlet | Found a transporter.
 22291 | Gauntlet | Noticed a cacodemon
 22292 | Gauntlet | Found a transporter.
 22307 | Gauntlet | Found a transporter.
 22326 | Gauntlet | Found a transporter.
 22338 | Gauntlet | Found a transporter.
 22346 | Gauntlet | Found a large runed translucent door.
 22347 | Gauntlet | Found a large runed translucent door.
 22348 | Gauntlet | Found a large runed translucent door.
 22348 | Gauntlet | Found a large runed translucent door.
 22349 | Gauntlet | Found a runed translucent gate.
 22350 | Gauntlet | Found a transporter.
 22350 | Gauntlet | Found a runed translucent gate.
 22351 | Gauntlet | Found a runed translucent gate.
 22352 | Gauntlet | Found a large runed translucent door.
 22352 | Gauntlet | Found a large runed translucent door.
 22353 | Gauntlet | Found a large runed translucent door.
 22354 | Gauntlet | Found a large runed translucent door.
 22362 | Gauntlet | Found a transporter.
 22374 | Gauntlet | Found a transporter.
 22380 | Gauntlet | Found a transporter.
 22380 | Gauntlet | Found a transporter.
 22419 | Gauntlet | Found a transporter.
 22446 | Gauntlet | Found a transporter.
 22466 | Gauntlet | Found a transporter.
 22544 | Gauntlet | Found a transporter.
 22653 | Gauntlet | Found a transporter.
 22669 | Gauntlet | Received a gift from Trog
 22679 | Gauntlet | Found a large runed translucent door.
 22680 | Gauntlet | Found a large runed translucent door.
 22681 | Gauntlet | Found a transporter.
 22737 | Gauntlet | Found a large runed translucent door.
 22737 | Gauntlet | Found a large runed translucent door.
 22737 | Gauntlet | Found a runed translucent door.
 22737 | Gauntlet | Found a runed translucent door.
 22808 | Gauntlet | Identified the +1 pair of gloves of Kaph {Stlth+}
 23203 | Orc:2    | Reached skill level 1 in Shields
 23287 | Orc:2    | Noticed an orc warlord
 23317 | Orc:2    | Killed an orc warlord
 23435 | Orc:2    | Found Darorph's General Store.
 23504 | Orc:2    | Found Baxus's Antique Weapon Boutique.
 23607 | Orc:2    | Found Gurphur's Antique Armour Boutique.
 23622 | Orc:2    | Found Saiqon's Book Boutique.
 23772 | Orc:1    | Found Myheg's Jewellery Shoppe.
 23813 | Orc:1    | Found Kuiw Otz's Magic Scroll Shoppe.
 23916 | Orc:2    | Gained mutation: You regenerate magic rapidly. [demonic
                  | ancestry]
 23916 | Orc:2    | Reached XP level 15. HP: 72/123 MP: 15/15
 24333 | Orc:2    | Bought a twisted chain mail for 199 gold pieces
 24333 | Orc:2    | Identified the +7 chain mail of Usylerphu {Drain rC++ Int+2
                  | SInv} (You bought it in a shop on level 2 of the Orcish
                  | Mines)
 24668 | D:13     | Reached skill level 5 in Shields
 24800 | D:13     | Reached ****** piety under Trog
 24877 | D:13     | Received a gift from Trog
 25309 | D:13     | Found a gate to the Vaults.
 25443 | D:14     | Identified the +4 mace of Dishonesty {drain, rF+ Int+3}
 25458 | D:14     | Noticed Josephine
 25464 | D:14     | Killed Josephine
 26394 | D:15     | Entered Level 15 of the Dungeon
 26633 | D:15     | Found a staircase to the Depths.
 27072 | D:15     | Found Otwaeb's Tremendous Tomes.
 27105 | D:15     | Found a hazy altar of Hepliaklqana.
 27637 | Orc:1    | Bought a ring of willpower for 450 gold pieces
 27887 | Spider:1 | Entered Level 1 of the Spider Nest
 28420 | Spider:1 | Reached skill level 15 in Fighting
 28551 | Spider:1 | Reached skill level 1 in Evocations
 28618 | Spider:1 | Identified the +5 hand axe "Baat Gawn" {heavy, rElec rN+
                  | Dex+2} (Trog gifted it to you on level 1 of the Spider
                  | Nest)
 28618 | Spider:1 | Received a gift from Trog
 29148 | Spider:2 | Reached XP level 16. HP: 123/136 MP: 16/16
 29567 | Spider:2 | Noticed Arachne
 29623 | Spider:2 | Killed Arachne
 30446 | Spider:3 | Found a runed translucent gate.
 30446 | Spider:3 | Found a runed translucent gate.
 30446 | Spider:3 | Found a runed translucent gate.
 30462 | Spider:3 | Noticed Agnes
 30519 | Spider:3 | Killed Agnes
 30541 | Spider:3 | Noticed croobank's ghost (adept DsIE)
 30559 | Spider:3 | Reached skill level 5 in Evocations
 30864 | Spider:3 | Received a gift from Trog
 31138 | Spider:3 | Reached skill level 5 in Dodging
 31426 | Spider:4 | Entered Level 4 of the Spider Nest
 32121 | Spider:4 | Received a gift from Trog
 32386 | Spider:4 | Reached XP level 17. HP: 136/142 MP: 1/17
 32563 | Spider:4 | Got a gossamer rune of Zot
 32833 | Spider:3 | Killed croobank's ghost
 32848 | Spider:3 | Identified the +0 pair of boots of Pan-Flutes {Str+3}
 33229 | D:12     | Killed RandomusNamus's ghost
 33449 | Swamp:1  | Entered Level 1 of the Swamp
 33515 | Swamp:1  | Reached skill level 10 in Shields
 33880 | Swamp:1  | Noticed Donald
 33895 | Swamp:1  | Killed Donald
 34441 | Swamp:2  | Identified the +7 hand axe of Trog's Generosity {heavy, rF+
                  | Dex-2 SInv} (Trog gifted it to you on level 2 of the Swamp)
 34441 | Swamp:2  | Received a gift from Trog
 34462 | Swamp:2  | Reached skill level 10 in Evocations
 35242 | Swamp:3  | Identified the +0 hand axe of Wu Jian's Anger {holy, rN+
                  | Str+5}
 35596 | Swamp:4  | Entered Level 4 of the Swamp
 36183 | Swamp:4  | Received a gift from Trog
 36187 | Swamp:4  | Reached XP level 18. HP: 110/149 MP: 18/18
 36436 | Swamp:4  | Got a decaying rune of Zot
 36471 | Swamp:4  | Noticed the 27-headed Lernaean hydra
 36479 | Swamp:4  | Killed the 26-headed Lernaean hydra
 36769 | Vaults:1 | Entered Level 1 of the Vaults
 36770 | Vaults:1 | Upgraded the game from 0.31-a0-977-gc230f8ef24 to
                  | 0.31-a0-978-g1e143483b6
 37975 | Vaults:1 | Received a gift from Trog
 38592 | Vaults:2 | Paralysed by a formless jellyfish for 1 turns
 39154 | Vaults:2 | Found a runed translucent gate.
 39154 | Vaults:2 | Found a runed translucent gate.
 39154 | Vaults:2 | Noticed Zonian's ghost (adept DEIE)
 39163 | Vaults:2 | Found a runed translucent gate.
 39687 | Vaults:2 | Reached XP level 19. HP: 155/155 MP: 19/19
 39783 | Vaults:2 | Identified the +2 robe "Jaxzai Dint" {MP+9 Int+3 Slay-6}
 39872 | Vaults:2 | Received a gift from Trog
 40339 | Vaults:3 | Reached skill level 5 in Throwing
 40624 | Vaults:3 | Reached skill level 15 in Evocations
 40624 | Vaults:3 | Noticed Margery
 40636 | Vaults:3 | Killed Margery
 40702 | Vaults:3 | Reached skill level 10 in Dodging
 40765 | Vaults:3 | Received a gift from Trog
 41095 | Vaults:3 | Found Neyschi's Magic Scroll Emporium.
 41634 | Vaults:3 | Found a staircase to the Crypt.
 41634 | Vaults:3 | Found an ancient bone altar of Kikubaaqudgha.
 41635 | Vaults:3 | Found a basalt altar of Yredelemnul.
 41653 | Vaults:3 | You fall into a shaft and drop 1 floor!
 42496 | Vaults:4 | Noticed Norris
 42525 | Vaults:4 | Killed Norris
 43028 | Vaults:4 | Received a gift from Trog
 44021 | Vaults:5 | Identified the of Neoziur
 44021 | Vaults:5 | Identified the "Jaxtudde"
 44021 | Vaults:5 | Identified the "Xetad"
 44021 | Elf:1    | Identified the of Pyalos
 44021 | Elf:1    | Entered Level 1 of the Elven Halls
 44326 | Elf:1    | Gained mutation: Your magical and physical power is
                  | slightly enhanced at high health. [demonic ancestry]
 44326 | Elf:1    | Reached XP level 20. HP: 164/164 MP: 20/20
 44344 | Elf:1    | Found a runed translucent door.
 44347 | Elf:1    | Noticed Sugyll's ghost (adept TeAE)
 44543 | Elf:1    | Received a gift from Trog
 44736 | Elf:1    | Found a radiant altar of Vehumet.
 44975 | Elf:1    | Killed Sugyll's ghost
 45022 | Desolati | Identified the "Ilih"
 45022 | Desolati | Identified the of Piduvaet
 45039 | Elf:2    | Found a crumbling gateway.
 45056 | Elf:2    | Paralysed by an air elemental for 1 turns
 45060 | Elf:2    | Paralysed by an air elemental for 1 turns
 45062 | Elf:2    | Paralysed by an air elemental for 1 turns
 45068 | Elf:1    | Paralysed by an air elemental for 1 turns
 45252 | Desolati | Entered the Desolation of Salt
 45306 | Desolati | Identified the +7 trident of Xom's Castigation {heavy,
                  | *Rage +Blink rC+ Int+4}
 45306 | Desolati | Identified the +1 leather armour of Hedging {+Blink Int+3
                  | Dex+3}
 45386 | Desolati | Received a gift from Trog
 45992 | Desolati | Identified the amulet of Biot {Acrobat Harm rElec Will+}
 46210 | Desolati | Received a gift from Trog
 46243 | Desolati | Identified the +6 broad axe of Woe {venom, Str+2}
 46243 | Desolati | Identified the amulet of Fuofu {Spirit rF+ rN++ Str-2}
 46566 | Desolati | Identified the +0 scale mail of the Moon {rN++ Str-5}
 46626 | Desolati | Identified the amulet "Tonintan" {Reflect Harm rCorr Int-5
                  | SH+5}
 46932 | Elf:2    | Found a runed translucent door.
 46933 | Elf:2    | Noticed Sugyll's ghost (adept TeAE)
 47401 | Elf:2    | Found a runed translucent gate.
 47401 | Elf:2    | Found a runed translucent gate.
 47401 | Elf:2    | Found a runed translucent gate.
 47636 | Elf:2    | Received a gift from Trog
 47819 | Elf:2    | Gained mutation: A meltable icy envelope protects you from
                  | harm. (AC +8) [demonic ancestry]
 47819 | Elf:2    | Reached XP level 21. HP: 178/178 MP: 21/21
 48080 | Elf:2    | Killed Sugyll's ghost
 48111 | Elf:3    | Entered Level 3 of the Elven Halls
 48284 | Elf:3    | Found Utugyun's Antique Armour Shop.
 48308 | Elf:3    | Received a gift from Trog
 48447 | Elf:3    | Identified a scroll of acquirement
 49557 | Elf:3    | Identified the +11 mace "Impbane" {vamp, Fly}
 49557 | Elf:3    | Identified the ring "Seun" {rF+ rC+ Int+5 Dex-5}
 49841 | Elf:3    | Identified the +1 bardiche of the Pit {venom, rPois rF+
                  | MP-9}
 49841 | Elf:3    | Identified the ring of Xethrik {rElec rPois}
 50149 | Elf:3    | Identified the +4 shortbow of Checks and Balances {flame,
                  | rPois rC+}
 50150 | Elf:3    | Identified the +4 quick blade of the Ghost {freeze, rPois
                  | rN+ MP+9 Int+4}
 50153 | Elf:3    | Identified the +6 war axe of Nemelex Xobeh's Esteem {speed,
                  | Str+2 Stlth+}
 50597 | Vaults:2 | Killed Zonian's ghost
 50638 | Vaults:2 | Acquired a manual of Throwing
 50796 | Depths:1 | Entered Level 1 of the Depths
 50849 | Depths:1 | Received a gift from Trog
 50862 | Depths:1 | Noticed a golden dragon
 50988 | Depths:1 | Killed a golden dragon
 51141 | Depths:1 | Noticed a caustic shrike
 51147 | Depths:1 | Killed a caustic shrike
 51153 | Depths:1 | Noticed a golden dragon
 51164 | Depths:1 | Killed a golden dragon
 51331 | Depths:1 | Found the +3 warlock's mirror {omnireflect}
 51388 | Depths:1 | Found a gateway to Hell.
 51503 | Depths:1 | Paralysed by an air elemental for 1 turns
 52003 | Depths:2 | Found a hide-covered altar of Uskayaw.
 52200 | Depths:2 | Reached skill level 10 in Throwing
 52257 | Depths:2 | Found a one-way gate leading to the halls of Pandemonium.
 52534 | Depths:2 | Identified the +5 hand axe of Upiobbem {flame, rElec rPois
                  | rN+} (Trog gifted it to you on level 2 of the Depths)
 52534 | Depths:2 | Received a gift from Trog
 52664 | Depths:2 | Gained mutation: When hurt, damage is shared between your
                  | health and your magic reserves. [demonic ancestry]
 52664 | Depths:2 | Reached XP level 22. HP: 166/190 MP: 17/22
 53306 | Depths:2 | Found a shimmering blue altar of Sif Muna.
 53344 | Depths:2 | Found a runed translucent door.
 53345 | Depths:2 | Noticed Otufioz's ghost (veteran GnWn)
 53362 | Depths:2 | Found Pomodaec's Weapon Shoppe.
 53470 | Depths:2 | Killed Otufioz's ghost
 53471 | Depths:2 | Reached skill level 15 in Dodging
 53555 | Depths:3 | Found the amulet of Vitality {RegenMP++ Regen++}
 53555 | Depths:3 | Found a one-way gate to the infinite horrors of the Abyss.
 53581 | Depths:3 | Received a gift from Trog
 53597 | Depths:3 | Noticed Grunn
 54098 | Depths:3 | Killed Grunn
 54120 | Depths:3 | Noticed a golden dragon
 54131 | Depths:3 | Killed a golden dragon
 54196 | Depths:3 | Found a one-way gateway to a ziggurat.
 54205 | Depths:3 | Found a magical portal.
 54217 | WizLab   | Entered Eringya's Formal Garden
 54467 | WizLab   | Found a blossoming altar of Fedhas.
 54687 | WizLab   | Acquired a manual of Throwing
 54879 | Depths:3 | Identified the +1 pair of boots "Fats" {rPois Slay+2 SInv}
 54919 | Depths:3 | Received a gift from Trog
 55611 | Depths:3 | Identified the +4 sling of Dikiolef {antimagic, rF+ Dex+3
                  | SInv}
 56150 | Depths:4 | Entered Level 4 of the Depths
 56185 | Depths:4 | Reached skill level 15 in Armour
 56203 | Depths:4 | Noticed a golden dragon
 56228 | Depths:4 | Killed a golden dragon
 56363 | Depths:4 | Reached XP level 23. HP: 196/196 MP: 23/23
 56395 | Depths:4 | Found a gate to the Realm of Zot.
 56483 | Depths:4 | Noticed a caustic shrike
 56485 | Depths:4 | Noticed a caustic shrike
 56488 | Depths:4 | Noticed a caustic shrike
 56488 | Depths:4 | Noticed a caustic shrike
 56490 | Depths:4 | Noticed a caustic shrike
 56496 | Depths:4 | Killed a caustic shrike
 56498 | Depths:4 | Killed a caustic shrike
 56499 | Depths:4 | Reached skill level 15 in Throwing
 56500 | Depths:4 | Killed a caustic shrike
 56500 | Depths:4 | Received a gift from Trog
 56506 | Depths:4 | Killed a caustic shrike
 56514 | Depths:4 | Killed a caustic shrike
 57372 | D:12     | You paid a toll of a +5 demon whip to enter a treasure
                  | trove
 57373 | Trove    | Entered a treasure trove
 57378 | Trove    | Identified the +5 battleaxe of Proximity {distort, *Corrode
                  | Int+9 Dex-4}
 57381 | Trove    | Identified the +3 hand axe of Wyrd {flame, *Corrode rElec
                  | Dex+4}
 57502 | Crypt:1  | Entered Level 1 of the Crypt
 57561 | Crypt:1  | Noticed Jory
 57603 | Crypt:1  | Killed Jory
 57895 | Crypt:1  | Identified the ring "Umi Tonk" {Ice rElec Str-2 Int+4
                  | Slay+5}
 58369 | Crypt:1  | Received a gift from Trog
 59687 | Crypt:3  | Entered Level 3 of the Crypt
 60078 | Crypt:3  | Found a staircase to the Tomb.
 60154 | Crypt:3  | Noticed a curse toe
 60162 | Crypt:3  | Received a gift from Trog
 60802 | Crypt:3  | Killed a curse toe
 61338 | Crypt:2  | Found a basalt altar of Yredelemnul.
 61726 | Crypt:3  | Received a gift from Trog
 61830 | Crypt:3  | Noticed an ancient lich
 61838 | Crypt:3  | Killed an ancient lich
 61839 | Crypt:3  | Gained mutation: When low on magic, you restore magic in
                  | place of health. [demonic ancestry]
 61839 | Crypt:3  | Reached XP level 24. HP: 197/204 MP: 7/23
 61850 | Crypt:3  | Found the +9 sword of Zonguldrok {reap}
 61856 | Crypt:3  | Identified the ring of Dishonour {rN+ Will+ Dex+6}
 61856 | Crypt:3  | Identified the ring of Nethouch {rN+ Int+3 SInv}
 62315 | Vaults:5 | Entered Level 5 of the Vaults
 62463 | Vaults:5 | Received a gift from Trog
 62650 | Vaults:5 | Noticed a dread lich
 62659 | Vaults:5 | Paralysed by a dread lich for 5 turns
 62667 | Vaults:5 | Killed a dread lich
 62672 | Vaults:5 | Noticed a dread lich
 62686 | Vaults:5 | Killed a dread lich
 62829 | Vaults:5 | Got a silver rune of Zot
 62831 | Vaults:5 | Identified the +5 scimitar "Qyoczio" {venom, *Corrode rN+
                  | Dex+4}
 63050 | Vaults:5 | Noticed an ancient lich
 63065 | Vaults:5 | Killed an ancient lich
 63450 | Vaults:5 | Acquired a manual of Evocations
 63479 | Vaults:5 | Identified the staff of Jistreamp {Contam rElec MP+9 Conj
                  | Air}
 63541 | Vaults:5 | Identified the +2 flail "Ixto" {vamp, rElec rF- Int+6}
 63546 | Vaults:5 | Received a gift from Trog
 64350 | Zot:1    | Entered Level 1 of the Realm of Zot
 64539 | Zot:1    | Gained mutation: Your magical and physical power is
                  | enhanced at high health. [demonic ancestry]
 64539 | Zot:1    | Reached XP level 25. HP: 184/188 MP: 23/23
 65252 | Zot:2    | Received a gift from Trog
 65298 | Zot:2    | Found a transporter.
 65300 | Zot:2    | You fall into a shaft and drop 2 floors!
 65528 | Zot:4    | Noticed a Killer Klown
 65553 | Zot:4    | Killed a Killer Klown
 65902 | Zot:2    | Identified the +10 sling of Konov {heavy, rN+}
 65949 | Zot:2    | Found a transporter.
 66520 | Zot:3    | Received a gift from Trog
 67570 | Zot:4    | Noticed an ancient lich
 67572 | Zot:4    | Noticed a dread lich
 67578 | Zot:4    | Killed an ancient lich
 67703 | Zot:4    | Killed a dread lich
 67774 | Zot:4    | Noticed a dread lich
 67800 | Zot:4    | Killed a dread lich
 67803 | Zot:4    | Gained mutation: Your magical and physical power is greatly
                  | enhanced at high health. [demonic ancestry]
 67803 | Zot:4    | Reached XP level 26. HP: 211/226 MP: 21/23
 67871 | Zot:4    | Identified the +2 orcbow of the Original Sin {drain, rC+++
                  | MP+9 Dex-3 Stlth-}
 68407 | Zot:5    | Entered Level 5 of the Realm of Zot
 68408 | Zot:5    | Noticed a dread lich
 68425 | Zot:5    | Received a gift from Trog
 69042 | Zot:5    | Noticed an ancient lich
 69060 | Zot:5    | Noticed an orb of fire
 69073 | Zot:5    | Killed an ancient lich
 69079 | Zot:5    | Noticed an ancient lich
 69085 | Zot:5    | Killed an orb of fire
 69099 | Zot:5    | Killed an ancient lich
 69221 | Zot:5    | Killed a dread lich
 69331 | Zot:5    | Received a gift from Trog
 69377 | Zot:5    | Got the Orb of Zot
 69379 | Zot:5    | Noticed an orb of fire
 69379 | Zot:5    | Noticed an ancient lich
 69657 | Depths:1 | Noticed a seraph
 69692 | D:15     | Noticed Bemmihurch the pandemonium lord
 70014 | D:1      | Noticed Zeygemel the pandemonium lord
 70039 | D:$      | Escaped with the Orb!

Illustrated notes

Levels and vault maps discovered:
D:1:      dpeg_arrival_rooms_a, layout_basic
D:2:      layout_rooms
D:3:      layout_loops_ring, hellmonk_ghost_happy_afterlife, uniq_sigmund
D:4:      layout_layer_cave, kennysheep_mini, nicolae_overflow_hidden_temple,
          tgw_kikubaaqudgha, dancing_weapons_uskayaw, chequers_jeans,
          minmay_a_box_with_orc_wizards_in_it
D:5:      layout_basic, mainiacjoe_overflow_alcove_1, minmay_temple_entry_trees,
          kennysheep_generic_room_6
D:6:      layout_rooms, tso_metal_star, lightli_sewer_entry_pipes,
          corexii_hall_statues_l
D:7:      layout_rooms, nicolae_ru_sacrificial_ziggurat, serial_bayou_lagoon_b
D:8:      layout_basic, erik_lair_dragon, serial_nicolae_subway,
          nicolae_sub_station_stone, nicolae_sub_station_metal,
          nicolae_sub_station_crystal
D:9:      layout_loops_corners, david_orc_4, serial_shops, shop
D:10:     layout_basic, mainiacjoe_overflow_chevrons,
          mainiacjoe_overflow_divided_tiny
D:11:     layout_loops_ring, serial_shops, nicolae_shop_real_fake_doors,
          tgw_fedhas
D:12:     layout_basic, gammafunk_ghost_hive, enter_trove_6, uniq_azrael
D:13:     layout_roguey, grunt_vaults_entry_fortified, nicolae_benzene_ring
D:14:     layout_grid_maze, nicolae_zig_zag_zippers, uniq_josephine
D:15:     gammafunk_enter_depths_forms, layout_irregular_city,
          lemuel_tele_altar, nicolae_shop_i_like_big_books
Lair:1:   minmay_lair_venomous_thicket, layout_chaotic_city,
          chequers_serial_rivers_micro_e, grunt_megastairs_1,
          serial_bayou_shore_b, uniq_fannar
Lair:2:   dreamdust_isle_of_ice, layout_concentric_octagons,
          minmay_swamp_entry_worms
Lair:3:   layout_chaotic_city, dummy_spider_entry, portal_ice_cave_entry_imps,
          cheibrodos_lair_lostbears, infiniplex_staircase_pool
Lair:4:   layout_regular_city, minmay_slime_entry_eyes
Lair:5:   evilmike_catoblepas_cave, layout_gridlike, uniq_snorg
Swamp:1:  layout_basic_swamp, infiniplex_staircase_pool_2, swamp_pool4,
          uniq_donald
Swamp:2:  layout_basic_swamp, evilmike_swamp_ruin_house_3
Swamp:3:  layout_basic_swamp, evilmike_swamp_ruin_house_1, swamp_pool2
Swamp:4:  swamp, layout_basic_swamp
Spider:1: layout_cave_pods
Spider:2: layout_chambers, uniq_arachne
Spider:3: layout_spider_delve, gammafunk_ghost_tricky_traps, uniq_agnes
Spider:4: guppyfry_spider_rune, hangedman_spider_tarantella_strand
Orc:1:    layout_caves, basic_altar, serial_shops, shop, shop,
          lemuel_statue_altar, nicolae_orc_rich_vein
Orc:2:    grunt_orc_cross, layout_caves, gauntlet_entry_generic
Elf:1:    eino_elf_arrival_shootout, layout_geoelf_octagon,
          ebering_ghost_inner_flame, basic_altar, minmay_elf_demonology,
          minivault_20
Elf:2:    nicolae_elf_blades_splatter_lattice [nicolae_blade_bullseye],
          layout_geoelf_octagon, gammafunk_ghost_grave,
          portal_desolation_entry_garden
Elf:3:    elf_hall, layout_loops_ring, serial_shops, shop,
          palyth_stone_intersect
Vaults:1: vaults_room_boxed, nicolae_vaults_tetromino_Z_1,
          nicolae_vaults_stand_back, nicolae_vaults_tetromino_L_2, v_misc_1,
          vaults_mumra_chevron_long, hangedman_vaults_stitches,
          nicolae_vaults_alarming, v_misc_9, vaults_room_fours,
          nicolae_vaults_tetromino_T_2, vaults_dpeg_encased_lava,
          layout_vaults_ring
Vaults:2: gammafunk_ghost_split, v_pattern_4, nicolae_vaults_circle_grid_b,
          nicolae_vaults_more_shelving_1, nicolae_vaults_swerve, v_misc_30,
          nicolae_vaults_network_star, nicolae_vaults_crenellated_ambush,
          v_misc_13, nicolae_vaults_double_plus_2,
          nicolae_vaults_little_squares_5, nicolae_vaults_closet_pinwheel_4,
          nicolae_vaults_sealed_display, vaults_dpeg_ring, layout_vaults_omnibox
Vaults:3: dpeg_vaults_waves, nicolae_vaults_network_quincunx
          [nicolae_vaults_network_quincunx_subvault,
          nicolae_vaults_network_quincunx_subvault,
          nicolae_vaults_network_quincunx_subvault,
          nicolae_vaults_network_quincunx_subvault,
          nicolae_vaults_network_quincunx_subvault],
          nicolae_vaults_stepped_doors, nicolae_vaults_rhombus_6,
          vaults_room_pools, minmay_crypt_entry_necro_gods,
          vaults_dpeg_emergency_exit, layout_vaults_omnigrid, serial_shops,
          nicolae_diamond_shop, uniq_margery
Vaults:4: ontoclasm_vaults_eye, lightli_church_of_beogh,
          nicolae_vaults_storage_room_water, nicolae_vaults_trapezoid_4,
          nicolae_vaults_asterisk, ontoclasm_vaults_shuriken,
          nicolae_vaults_storage_room_statues, nicolae_vaults_asterisk,
          nicolae_vaults_closet_pinwheel_5, nicolae_vaults_surprise_closet,
          layout_vaults_chaotic_city, uniq_norris
Vaults:5: uniq_frederick
Crypt:1:  layout_rooms, grunt_megastairs_2, grunt_crypt_arrival_split, uniq_jory
Crypt:2:  layout_basic, lemuel_upstairs_altar
Crypt:3:  due_elkab, layout_chaotic_city
Depths:1: minmay_the_grid_plus [minmay_the_grid_spin_star,
          minmay_the_grid_tiny_cups, minmay_the_grid_box_x,
          minmay_the_grid_slots, minmay_the_grid_prize_inner_circle],
          layout_gridlike, nicolae_titane, hell_entry, dreamdust_looks_like_rain
Depths:2: regret_index_uskayaw_diablada_macabre, layout_cave_pools,
          lemuel_blue_sif_altar, pan_entry, ebering_ghost_reflecting_pool,
          grunt_metal_band, serial_shops, nicolae_shop_behind_doors,
          kennysheep_generic_room_7, infiniplex_staircase_split_hallway
Depths:3: kennysheep_demon_jail, layout_gridville, enter_ziggurat_e,
          pf_hell_entry_tar_spiral, rand_demon_pan_entry_8,
          infiniplex_enter_wizlab_glasses, abyss_entry, minmay_holes,
          minmay_protected_statue, uniq_grunn
Depths:4: grunt_zot_entry_funnels, layout_small_grid, rand_demon_pan_entry_1,
          hell_entry
Zot:1:    layout_gridlike, regret_index_zotdec_icy_dp,
          kennysheep_underground_church
Zot:2:    gammafunk_dig_for_victory, layout_twisted_circle,
          regret_index_zotdec_decaying_vile
Zot:3:    layout_gridville
Zot:4:    grunt_deathspiral_small, layout_concentric_octagons, zot_minivault_5
Zot:5:    layout_basic

Skill      XL: |  1  2  3  4  5  6  7  8  9 10 11 12 13 14 15 16 17 18 19 20 21 22 23 24 25 26 |
---------------+-------------------------------------------------------------------------------+-----
Axes           | 3 4 5 6 8 11 13 14 16 18 19 20 22 23 24 | 24.0
Fighting       | 3 4 6 7 8 10 13 15 18 20 22 24 | 24.5
Armour         | 3 5 7 10 11 12 15 19 | 19.3
Dodging        | 3 6 8 9 10 13 15 | 15.9
Stealth        | 1 7 |  7.0
Shields        | 4 8 9 11 12 | 12.0
Evocations     | 2 8 11 14 16 20 | 20.3
Throwing       | 4 6 10 13 16 17 | 17.3

Action                     |  1- 3 |  4- 6 |  7- 9 | 10-12 | 13-15 | 16-18 | 19-21 | 22-24 | 25-27 || total
---------------------------+-------+-------+-------+-------+-------+-------+-------+-------+-------++-------
  Melee: War axe           |    90 |   142 |   237 |       |       |       |       |       |       ||   469
         Headbutt          |     9 |    22 |    70 |   150 |   352 |   461 |   515 |   732 |   364 ||  2675
         Battleaxe         |       |       |   106 |   570 |    37 |       |       |       |       ||   713
         Broad axe         |       |       |       |       |  1271 |  1413 |  1663 |  1954 |   879 ||  7180
         Unarmed           |       |       |       |       |       |     9 |       |       |     1 ||    10
  Throw: Javelin           |       |       |     8 |     3 |       |       |       |       |       ||    11
         Dart              |       |       |    11 |    19 |       |       |       |       |       ||    30
 Invoke: Berserk           |       |       |       |    12 |    11 |    14 |     4 |     5 |     1 ||    47
         Brothers in Arms  |       |       |       |       |     1 |     6 |     6 |     3 |       ||    16
         Trog's Hand       |       |       |       |       |       |     2 |       |     1 |     1 ||     4
  Evoke: Wand              |       |     1 |     6 |       |       |       |     2 |     5 |       ||    14
         Lightning rod     |       |       |       |       |       |       |     7 |     2 |       ||     9
         Phantom mirror    |       |       |       |       |       |       |     2 |       |       ||     2
         Tin of tremorston |       |       |       |       |       |       |       |       |     2 ||     2
    Use: Scroll            |     3 |     1 |     9 |     6 |    10 |     5 |    11 |    20 |     4 ||    69
         Potion            |       |     1 |     3 |       |       |     5 |     3 |     2 |     9 ||    23
   Stab: Paralysed         |       |     3 |     7 |       |       |       |       |       |       ||    10
         Sleeping          |       |     1 |     2 |     2 |     3 |     3 |       |       |       ||    11
         Petrified         |       |       |       |       |     5 |       |       |       |       ||     5
         Distracted        |       |       |       |       |     2 |       |       |     2 |       ||     4
         Petrifying        |       |       |       |       |     1 |       |       |       |       ||     1
         Confused          |       |       |       |       |       |     5 |       |       |       ||     5
         Fleeing           |       |       |       |       |       |     1 |       |       |       ||     1
 Armour: Leather armour    |    51 |    72 |   195 |       |       |       |       |       |       ||   318
         Steam dragon scal |       |       |     3 |    76 |       |       |       |       |       ||    79
         Chain mail        |       |       |       |   346 |   760 |   684 |   680 |   811 |       ||  3281
         Acid dragon scale |       |       |       |     2 |       |       |       |       |       ||     2
         Gold dragon scale |       |       |       |       |       |       |       |    24 |   667 ||   691
         Skin              |       |       |       |       |       |       |       |       |     1 ||     1
  Dodge: Dodged            |    75 |    77 |   126 |   168 |   199 |   313 |   289 |   576 |   309 ||  2132
  Block: Buckler           |    17 |    62 |    91 |       |       |       |       |  1722 |   871 ||  2763
         Other             |       |       |    31 |   277 |    34 |       |       |       |     1 ||   343
         Tower shield      |       |       |       |       |  1739 |  2118 |  1942 |       |       ||  5799
         Reflection        |       |       |       |       |    52 |    50 |    95 |   136 |    90 ||   423

Table legend: (Time is in decaauts)
 A = Elapsed time spent in this place.
 B = Non-inter-level travel time spent in this place.
 C = Inter-level travel time spent in this place.
 D = Time resting spent in this place.
 E = Time spent auto-exploring this place.
 F = Levels seen in this place.
 G = Mean time per level.
                   A        B        C        D        E       F      G
               +--------+--------+--------+--------+--------+-----+--------+
         Total |  69877 |  63496 |   6381 |   4470 |  41288 |  56 | 1247.8 |
       Dungeon |  19141 |  15703 |   3438 |    877 |  10897 |  15 | 1276.1 |
          Lair |   7281 |   6589 |    692 |    617 |   4150 |   5 | 1456.2 |
         Swamp |   3343 |   3226 |    117 |      0 |   2376 |   4 |  835.8 |
   Spider Nest |   5046 |   4835 |    211 |     30 |   3373 |   4 | 1261.5 |
  Orcish Mines |   2139 |   1874 |    265 |    266 |   1019 |   2 | 1069.5 |
   Elven Halls |   4466 |   4325 |    141 |    393 |   2770 |   3 | 1488.7 |
        Vaults |   8896 |   8313 |    583 |    423 |   5497 |   5 | 1779.2 |
         Crypt |   4584 |   4343 |    241 |    139 |   3186 |   3 | 1528.0 |
        Depths |   5762 |   5372 |    390 |   1162 |   2679 |   4 | 1440.5 |
           Zot |   4954 |   4655 |    299 |     53 |   3226 |   5 |  990.8 |
         Trove |     22 |     22 |      0 |      0 |      0 |   1 |   22.0 |
         Sewer |    186 |    186 |      0 |     82 |      9 |   1 |  186.0 |
      Ice Cave |   1313 |   1313 |      0 |      0 |   1017 |   1 | 1313.0 |
        Wizlab |    445 |    445 |      0 |      0 |    288 |   1 |  445.0 |
    Desolation |   1578 |   1578 |      0 |    292 |    542 |   1 | 1578.0 |
      Gauntlet |    715 |    715 |      0 |    135 |    256 |   1 |  715.0 |
               +--------+--------+--------+--------+--------+-----+--------+

Top non-repeatable levels by time:
 Crypt:3: 2251 daAuts
Depths:2: 2187 daAuts
Vaults:2: 2174 daAuts
   Elf:3: 2168 daAuts
     D:4: 2060 daAuts
     D:8: 1912 daAuts
     D:9: 1873 daAuts
Vaults:4: 1822 daAuts
  Lair:4: 1807 daAuts
  Lair:2: 1727 daAuts
Vaults:3: 1698 daAuts
Vaults:5: 1644 daAuts
Desolation: 1578 daAuts
   Orc:2: 1574 daAuts
Vaults:1: 1556 daAuts
